MWL (24 & UNDER)
PLUMSTEAD EAGLES @ ERIE JAXX
06/19/2030
 
TOP OF THE 1ST
Plumstead Eagles batting - Pitching for Erie Jaxx : RHP Ricardo Córdova
Pitching: RHP Ricardo Córdova
Batting: LHB Mauro López 0-0: Called Strike
0-1: Ball
1-1: Ball
2-1: Foul Ball, location: 2F
2-2: Ground out U3 (Groundball, 3)
Batting: SHB José Rincón 0-0: Fly out, F9 (Flyball, 9)
Batting: LHB Jerry Tolbert 0-0: Ball
1-0: Ball
2-0: Called Strike
2-1: SOLO HOME RUN (Line Drive, 9D), Distance : 348 ft
Batting: SHB Joaquín Gilera 0-0: Ball
1-0: Called Strike
1-1: Foul Ball, location: 2F
1-2: Foul Ball, location: 2F
1-2: Strikes out swinging
Top of the 1st over - 1 run, 1 hit, 0 errors, 0 left on base; Plumstead 1 - Erie 0
BOTTOM OF THE 1ST
Erie Jaxx batting - Pitching for Plumstead Eagles : RHP Yuan Si-ma
Pitching: RHP Yuan Si-ma
Batting: RHB Ramón Maldonado 0-0: Ball
1-0: Bunt missed!
1-1: Foul Ball, location: 2F
1-2: Fly out, F8 (Flyball, 8RS)
Batting: RHB James Richardson 0-0: Called Strike
0-1: Ball
1-1: Foul Ball, location: 2F
1-2: Ball
2-2: Ground out 6-3 (Groundball, 56)
Batting: LHB Gabriel Flores 0-0: Ball
1-0: Ball
2-0: Ball
3-0: Called Strike
3-1: Base on Balls
Batting: RHB Miguel Sánchez 0-0: Ball
1-0: Ball
2-0: Ball
3-0: Base on Balls
Gabriel Flores to second
Batting: RHB Shane Marshall 0-0: Ball
1-0: Ball
Wild Pitch!
Gabriel Flores to third
Miguel Sánchez to second
2-0: Called Strike
2-1: Ball
3-1: Base on Balls
Batting: RHB Danny Morrison 0-0: Ball
1-0: Foul Ball, location: 2F
1-1: Swinging Strike
1-2: Ball
2-2: Ball
3-2: Fly out, F7 (Flyball, 78M)
Bottom of the 1st over - 0 runs, 0 hits, 0 errors, 3 left on base; Plumstead 1 - Erie 0
TOP OF THE 2ND
Plumstead Eagles batting - Pitching for Erie Jaxx : RHP Ricardo Córdova
Batting: RHB José Gonzáles 0-0: Foul Ball, location: 2F
0-1: Swinging Strike
0-2: Ball
1-2: Fly out, F9 (Flyball, 9D)
Batting: LHB José Marín 0-0: Ball
1-0: Ball
2-0: Foul Ball, location: 2F
2-1: Swinging Strike
2-2: Ball
3-2: Strikes out swinging
Batting: LHB Joe Rutherford 0-0: Ball
1-0: Ball
2-0: SINGLE (Groundball, 3D)
Batting: RHB Larry Johnson 0-0: Ball
1-0: Ball
2-0: Swinging Strike
2-1: Ball
3-1: Swinging Strike
3-2: Strikes out swinging
Top of the 2nd over - 0 runs, 1 hit, 0 errors, 1 left on base; Plumstead 1 - Erie 0
BOTTOM OF THE 2ND
Erie Jaxx batting - Pitching for Plumstead Eagles : RHP Yuan Si-ma
Batting: LHB Mark Sanders 0-0: Swinging Strike
0-1: Fly out, F8 (Line Drive, 8RD)
Batting: RHB Edgardo Castro 0-0: Called Strike
0-1: Called Strike
0-2: Strikes out looking
Batting: RHB Juan González 0-0: Ball
1-0: Swinging Strike
1-1: Ball
2-1: Called Strike
2-2: Strikes out looking
Bottom of the 2nd over - 0 runs, 0 hits, 0 errors, 0 left on base; Plumstead 1 - Erie 0
TOP OF THE 3RD
Plumstead Eagles batting - Pitching for Erie Jaxx : RHP Ricardo Córdova
Batting: LHB António Álvarez 0-0: Called Strike
0-1: Foul Ball, location: 2F
0-2: Ball
1-2: Ground out 4-3 (Groundball, 4)
Batting: LHB Mauro López 0-0: Ball
1-0: Ball
2-0: Swinging Strike
2-1: Ball
3-1: Called Strike
3-2: Strikes out swinging
Batting: SHB José Rincón 0-0: Called Strike
0-1: SINGLE (Groundball, 23) (infield hit)
Batting: LHB Jerry Tolbert 0-0: Ball
1-0: Swinging Strike
1-1: Ball
2-1: Foul Ball, location: 2F
2-2: Foul Ball, location: 2F
2-2: Ball
3-2: Foul Ball, location: 2F
3-2: Base on Balls
José Rincón to second
Batting: SHB Joaquín Gilera 0-0: Ball
1-0: Called Strike
1-1: Foul Ball, location: 2F
1-2: Ball
2-2: Strikes out swinging
Top of the 3rd over - 0 runs, 1 hit, 0 errors, 2 left on base; Plumstead 1 - Erie 0
BOTTOM OF THE 3RD
Erie Jaxx batting - Pitching for Plumstead Eagles : RHP Yuan Si-ma
Batting: RHB Ramón Maldonado 0-0: Called Strike
0-1: Ball
1-1: Swinging Strike
1-2: Foul Ball, location: 2F
1-2: Foul Ball, location: 2F
1-2: Ground out 5-3 (Groundball, 5S)
Batting: RHB James Richardson 0-0: Ball
1-0: Called Strike
1-1: Called Strike
1-2: Foul Ball, location: 2F
1-2: Ball
2-2: Ball
3-2: Base on Balls
Batting: LHB Gabriel Flores 0-0: 2-RUN HOME RUN (Flyball, 9LD), Distance : 340 ft
Batting: RHB Miguel Sánchez 0-0: Called Strike
0-1: Ball
1-1: SINGLE (Groundball, 4D)
Batting: RHB Shane Marshall 0-0: Called Strike
0-1: Foul Ball, location: 2F
0-2: Foul Ball, location: 2F
0-2: Foul Ball, location: 2F
0-2: Grounds out, U3 (Groundball, 3L)
Pitching: LHP Luis Hernández
Batting: RHB Danny Morrison 0-0: Ball
1-0: SINGLE (Groundball, 56D)
Miguel Sánchez to third
Runner from 3rd tries for Home, SAFE, throw made home
Batting: LHB Mark Sanders 0-0: Foul Ball, location: 2F
0-1: Ball
1-1: Foul Ball, location: 2F
1-2: SINGLE (Line Drive, 56D)
Danny Morrison to second
Batting: RHB Edgardo Castro 0-0: Foul Ball, location: 2F
0-1: Ball
1-1: Fly out, F8 (Flyball, 8LD)
Bottom of the 3rd over - 3 runs, 4 hits, 0 errors, 2 left on base; Plumstead 1 - Erie 3
TOP OF THE 4TH
Plumstead Eagles batting - Pitching for Erie Jaxx : RHP Ricardo Córdova
Batting: RHB José Gonzáles 0-0: Called Strike
0-1: SINGLE (Groundball, 6MD)
Pitching: RHP Javier Bustamante
Batting: LHB José Marín 0-0: DOUBLE (Flyball, 8RXD)
José Gonzáles to third
Batting: LHB Joe Rutherford 0-0: Ground out 5-3 (Groundball, 56)
Batting: RHB Larry Johnson 0-0: Swinging Strike
0-1: Swinging Strike
0-2: Ball
1-2: Foul Ball, location: 2F
1-2: Foul Ball, location: 2F
1-2: Strikes out swinging
Batting: LHB António Álvarez 0-0: Ball
1-0: Ground out 5-3 (Groundball, 5)
Top of the 4th over - 0 runs, 2 hits, 0 errors, 2 left on base; Plumstead 1 - Erie 3
BOTTOM OF THE 4TH
Erie Jaxx batting - Pitching for Plumstead Eagles : LHP Luis Hernández
Batting: RHB Juan González 0-0: Ball
1-0: Foul Ball, location: 2F
1-1: Foul Ball, location: 2F
1-2: Ball
2-2: Ball
3-2: Foul Ball, location: 2F
3-2: Strikes out looking
Batting: RHB Ramón Maldonado 0-0: Swinging Strike
0-1: Ground out 4-3 (Groundball, 4)
Batting: RHB James Richardson 0-0: Ball
1-0: Ball
2-0: SINGLE (Line Drive, 8RS)
Batting: LHB Gabriel Flores 0-0: Ground out 4-3 (Groundball, 34D)
Bottom of the 4th over - 0 runs, 1 hit, 0 errors, 1 left on base; Plumstead 1 - Erie 3
TOP OF THE 5TH
Plumstead Eagles batting - Pitching for Erie Jaxx : RHP Javier Bustamante
Batting: LHB Mauro López 0-0: Ball
1-0: Fly out, F7 (Flyball, 7LS)
Batting: SHB José Rincón 0-0: Swinging Strike
0-1: Ball
1-1: Called Strike
1-2: Ball
2-2: Ball
3-2: Hit by Pitch
Batting: LHB Jerry Tolbert 0-0: Called Strike
0-1: Ball
1-1: SINGLE (Flyball, 8LS)
José Rincón to second
Batting: SHB Joaquín Gilera 0-0: Foul Ball, location: 2F
0-1: SINGLE (Flyball, 9S)
José Rincón to third
Jerry Tolbert to second
Batting: RHB José Gonzáles 0-0: Grounds into double play, 1-2-3 (Groundball, P)
Top of the 5th over - 0 runs, 2 hits, 0 errors, 2 left on base; Plumstead 1 - Erie 3
BOTTOM OF THE 5TH
Erie Jaxx batting - Pitching for Plumstead Eagles : LHP Luis Hernández
Batting: RHB Miguel Sánchez 0-0: Foul Ball, location: 2F
0-1: Swinging Strike
0-2: Ball
1-2: Strikes out swinging
Batting: RHB Shane Marshall 0-0: Called Strike
0-1: Ball
1-1: Called Strike
1-2: Ball
2-2: SINGLE (Groundball, 25) (infield hit)
Batting: RHB Danny Morrison 0-0: Ball
Shane Marshall is caught stealing 2nd base
1-0: Fly out, F4 (Popup, 23)
Bottom of the 5th over - 0 runs, 1 hit, 0 errors, 0 left on base; Plumstead 1 - Erie 3
TOP OF THE 6TH
Plumstead Eagles batting - Pitching for Erie Jaxx : RHP Javier Bustamante
Batting: LHB José Marín 0-0: Ball
1-0: Bunt for hit - play at first, batter safe!
Batting: LHB Joe Rutherford 0-0: Ball
1-0: Ball
2-0: Foul Ball, location: 2F
2-1: Grounds into double play, 4-6-3 (Groundball, 4)
Batting: RHB Larry Johnson 0-0: Called Strike
0-1: SINGLE (Line Drive, 34)
Batting: LHB António Álvarez 0-0: Ball
1-0: Ground out 4-3 (Groundball, 4)
Top of the 6th over - 0 runs, 2 hits, 0 errors, 1 left on base; Plumstead 1 - Erie 3
BOTTOM OF THE 6TH
Erie Jaxx batting - Pitching for Plumstead Eagles : LHP Luis Hernández
Batting: LHB Mark Sanders 0-0: Ground out 6-3 (Groundball, 6)
Batting: RHB Edgardo Castro 0-0: Foul Ball, location: 2F
0-1: Ground out 5-3 (Groundball, 5S)
Batting: RHB Juan González 0-0: Ball
1-0: Foul Ball, location: 2F
1-1: Ground out 6-3 (Groundball, 6)
Bottom of the 6th over - 0 runs, 0 hits, 0 errors, 0 left on base; Plumstead 1 - Erie 3
TOP OF THE 7TH
Plumstead Eagles batting - Pitching for Erie Jaxx : RHP Javier Bustamante
Pitching: RHP Edgardo Castillo
Batting: LHB Mauro López 0-0: Fly out, F9 (Line Drive, 9LM)
Batting: SHB José Rincón 0-0: Called Strike
0-1: Ball
1-1: Called Strike
1-2: Strikes out looking
Batting: LHB Jerry Tolbert 0-0: Ball
1-0: Ball
2-0: Ball
3-0: Base on Balls
Batting: SHB Joaquín Gilera 0-0: Foul Ball, location: 2F
0-1: Ball
1-1: Swinging Strike
1-2: Ball
2-2: Foul Ball, location: 2F
2-2: Strikes out swinging
Top of the 7th over - 0 runs, 0 hits, 0 errors, 1 left on base; Plumstead 1 - Erie 3
BOTTOM OF THE 7TH
Erie Jaxx batting - Pitching for Plumstead Eagles : LHP Luis Hernández
Pitching: RHP Broderick Miller
Batting: RHB Ramón Maldonado 0-0: Ground out 4-3 (Groundball, 4S)
Batting: RHB James Richardson 0-0: Fly out, F9 (Line Drive, 89M)
Batting: LHB Gabriel Flores 0-0: Called Strike
0-1: Swinging Strike
0-2: Fly out, F9 (Flyball, 9S)
Bottom of the 7th over - 0 runs, 0 hits, 0 errors, 0 left on base; Plumstead 1 - Erie 3
TOP OF THE 8TH
Plumstead Eagles batting - Pitching for Erie Jaxx : RHP Edgardo Castillo
Batting: RHB José Gonzáles 0-0: Called Strike
0-1: Called Strike
0-2: Strikes out swinging
Batting: LHB José Marín 0-0: Called Strike
0-1: Foul Ball, location: 2F
0-2: Ball
1-2: Strikes out swinging
Batting: LHB Joe Rutherford 0-0: DOUBLE (Flyball, 8LD)
Batting: RHB Larry Johnson 0-0: Ball
1-0: Ball
2-0: Ball
3-0: Base on Balls
Pinch Hitting: LHB Conan Bush 0-0: Swinging Strike
0-1: Called Strike
0-2: Strikes out swinging
Top of the 8th over - 0 runs, 1 hit, 0 errors, 2 left on base; Plumstead 1 - Erie 3
BOTTOM OF THE 8TH
Erie Jaxx batting - Pitching for Plumstead Eagles : RHP Broderick Miller
Now at 1B: Broderick Dempsey
Batting: RHB Miguel Sánchez 0-0: Ball
1-0: Called Strike
1-1: SINGLE (Line Drive, 56D)
Batting: RHB Shane Marshall 0-0: Ball
1-0: Ball
2-0: Ball
3-0: Called Strike
3-1: Base on Balls
Miguel Sánchez to second
Batting: RHB Danny Morrison 0-0: Called Strike
0-1: Ball
1-1: Called Strike
1-2: Strikes out swinging
Batting: LHB Mark Sanders 0-0: Swinging Strike
0-1: Foul Ball, location: 2F
0-2: Strikes out swinging
Batting: RHB Edgardo Castro 0-0: SINGLE (Groundball, 6D)
Miguel Sánchez to third
Shane Marshall to second
Runner from 3rd tries for Home, throw and OUT!
Bottom of the 8th over - 0 runs, 2 hits, 0 errors, 2 left on base; Plumstead 1 - Erie 3
TOP OF THE 9TH
Plumstead Eagles batting - Pitching for Erie Jaxx : RHP Edgardo Castillo
Pitching: LHP Jesús Acosta
Batting: LHB Mauro López 0-0: Swinging Strike
0-1: Ball
1-1: Foul Ball, location: 2F
1-2: Strikes out swinging
Batting: SHB José Rincón 0-0: Called Strike
0-1: Called Strike
0-2: Foul Ball, location: 2F
0-2: Ball
1-2: Ball
2-2: Ball
3-2: Base on Balls
Batting: LHB Jerry Tolbert 0-0: Called Strike
0-1: Foul Ball, location: 2F
0-2: Ball
1-2: Foul Ball, location: 2F
1-2: Strikes out looking
Batting: SHB Joaquín Gilera 0-0: Ball
1-0: Ball
2-0: Ball
3-0: Base on Balls
José Rincón to second
Batting: RHB José Gonzáles 0-0: Called Strike
0-1: Foul Ball, location: 2F
0-2: Foul Ball, location: 2F
0-2: SINGLE (Groundball, 56D)
José Rincón to third
Joaquín Gilera to second
Pinch Hitting: RHB Weldon Samuels 0-0: Called Strike
0-1: Ball
1-1: Ball
2-1: Ball
3-1: Foul Ball, location: 2F
3-2: Strikes out swinging
Top of the 9th over - 0 runs, 1 hit, 0 errors, 3 left on base; Plumstead 1 - Erie 3
Saturday, April 7th, 2018 - OOTP Baseball 18.8 Build 76